 Dungeon Crawl Stone Soup version 0.30-a0-368-g86fb4627a9 (webtiles) character file.

Game seed: 12214692762250645994

588948 Meriados the Executioner (level 25, -7/223 HPs)
             Began as a Demonspawn Berserker on Nov 6, 2022.
             Was a High Priest of Jiyva.
             Mangled by a green draconian monk (16 damage)
             ... on level 1 of the Realm of Zot on Nov 18, 2022.
             The game lasted 05:41:17 (65162 turns).

Meriados the Executioner (Demonspawn Berserker)    Turns: 65162, Time: 05:41:18

Health: -7/223     AC: 39    Str: 28      XL:     25   Next: 61%
Magic:  23/23      EV: 20    Int: 23 (24) God:    Jiyva [*****.]
Gold:   1160       SH:  5    Dex: 17 (19) Spells: 24/24 levels left

rFire   + + .      SeeInvis +    E - +9 executioner's axe (vamp)
rCold   + + .      Faith    .    (shield currently unavailable)
rNeg    + + .      Spirit   .    s - +8 orange crystal plate armour {Archmagi, Int+3 Clar}
rPois   +          Reflect  +    (helmet unavailable)
rElec   +          Harm     .    W - scarf {rC+ rF+}
rCorr   +          Rampage  .    y - +2 pair of gloves of Grace {*Corrode rF+ Str+2}
Will    ++...      Archmagi +    (boots unavailable)
Stlth   +......... Clarity  +    M - amulet "Baig" {Reflect Str+4 Dex+3 SH+5 Stlth+}
HPRegen 2.01/turn                L - ring "Effusch" {rPois rC+ rN+ rCorr}
MPRegen 0.63/turn                D - ring of Duviplamp {rN+ Int+2 Dex+2 SInv}

@: hasted, repel missiles, very quick
A: horns 3, repulsion field 3, icemail 2, spiny 3, condensation shield, demonic
willpower, talons 3, clever 2, electricity resistance, gelatinous body 1, jelly
sensing items, jelly absorbing missiles
}: 4/15 runes: decaying, silver, abyssal, gossamer
a: Renounce Religion, Oozemancy, Slimify


You were on level 1 of the Realm of Zot.
You worshipped Jiyva.
Jiyva was extremely pleased with you.
You visited 12 branches of the dungeon, and saw 52 of its levels.
You visited the Abyss 2 times.

You collected 6544 gold pieces.
You spent 5384 gold pieces at shops.

Inventory:

Hand Weapons
 a - the +8 trident of Enisil {distort, Dex+4}
   (You found it on level 3 of the Crypt)

   It warps and distorts space around it, and may blink, banish, or inflict
   extra damage upon those it strikes.
   Unwielding it can cause banishment or high damage.
   Dex:       It affects your dexterity (+4).
 n - the +6 arbalest "Zieneser" {flame, *Slow rPois rN++ rCorr}
   (You found it on level 5 of the Vaults)

   Any ammunition fired from it burns those it strikes, dealing additional fire
   damage.
   rPois:     It protects you from poison.
   rN:        It greatly protects you from negative energy.
   rCorr:     It protects you from acid and corrosion.
   *Slow:     It may slow you when you take damage.
 z - a +5 lajatang of speed
 A - the +10 battleaxe "Luocuh" {vorpal, rElec rCorr SInv Stlth-}
   (You found it on level 7 of the Dungeon)

   It inflicts extra damage upon your enemies.
   rElec:     It insulates you from electricity.
   SInv:      It lets you see invisible.
   rCorr:     It protects you from acid and corrosion.
   Stlth:     It makes you less stealthy.
 E - a +9 vampiric executioner's axe (weapon)
 G - a +5 antimagic arbalest
 X - a +9 executioner's axe of protection
Armour
 s - the +8 orange crystal plate armour (worn) {Archmagi, Int+3 Clar}
   (You bought it in a shop on level 3 of the Depths)

   Int:       It affects your intelligence (+3).
   Clar:      It protects you against confusion.
 u - the +3 buckler "Urphaelo" {rN+ Slay+3}
   (You took it off Saint Roka on level 4 of the Depths)

   Slay:      It affects your accuracy & damage with ranged weapons and melee
   (+3).
   rN:        It protects you from negative energy.
 y - the +2 pair of gloves of Grace (worn) {*Corrode rF+ Str+2}
   (You found it on level 3 of the Elven Halls)

   Str:       It affects your strength (+2).
   rF:        It protects you from fire.
   *Corrode:  It may corrode you when you take damage.
 K - the +1 pair of boots of Leapfrog {Fly rC+++ Str+3 Int-4}
   (You found it on level 4 of the Spider Nest)

   Str:       It affects your strength (+3).
   Int:       It affects your intelligence (-4).
   rC:        It renders you almost immune to cold.
   Fly:       It grants you flight.
 W - a scarf of resistance (worn)
Jewellery
 h - a +4 ring of evasion
 p - the ring "Zogheonote" {rPois rN+}
   (You bought it in a shop on level 1 of the Depths)

   [ring of positive energy]

   rPois:     It protects you from poison.
   rN:        It protects you from negative energy.
 w - the ring "Polargh" {Fire +Blink Int-5 Dex+6}
   (You took it off Zenata on level 3 of the Crypt)

   [ring of fire]

   It enhances your fire magic.
   Int:       It affects your intelligence (-5).
   Dex:       It affects your dexterity (+6).
   rF:        It protects you from fire.
   rC:        It makes you vulnerable to cold.
   +Blink:    It lets you blink.
 D - the ring of Duviplamp (right hand) {rN+ Int+2 Dex+2 SInv}
   (You found it on level 3 of the Crypt)

   [ring of positive energy]

   Int:       It affects your intelligence (+2).
   Dex:       It affects your dexterity (+2).
   rN:        It protects you from negative energy.
   SInv:      It lets you see invisible.
 L - the ring "Effusch" (left hand) {rPois rC+ rN+ rCorr}
   (You found it on level 3 of the Crypt)

   [ring of positive energy]

   rC:        It protects you from cold.
   rPois:     It protects you from poison.
   rN:        It protects you from negative energy.
   rCorr:     It protects you from acid and corrosion.
 M - the amulet "Baig" (around neck) {Reflect Str+4 Dex+3 SH+5 Stlth+}
   (You acquired it on level 1 of the Dungeon)

   [amulet of reflection]

   It reflects blocked missile attacks.
   Str:       It affects your strength (+4).
   Dex:       It affects your dexterity (+3).
   SH:        It affects your SH (+5).
   Stlth:     It makes you more stealthy.
 T - the ring "Lutootza" {Will+ MP+9 Int-2 Dex+4 SInv}
   (You found it on level 3 of the Crypt)

   [ring of magical power]

   Int:       It affects your intelligence (-2).
   Dex:       It affects your dexterity (+4).
   MP:        It affects your magic capacity (+9).
   SInv:      It lets you see invisible.
   Will:      It increases your willpower.
Wands
 q - a wand of paralysis (4)
 t - a wand of mindburst (6)
 x - a wand of digging (15)
Scrolls
 c - 2 scrolls of amnesia
 d - a scroll of brand weapon
 f - 11 scrolls of fear
 g - 2 scrolls of poison
 i - 14 scrolls of teleportation
 j - 8 scrolls of enchant armour
 k - a scroll of magic mapping
 l - 3 scrolls of summoning
 C - 4 scrolls of butterflies
 P - a scroll of blinking
 Y - 4 scrolls of silence
 Z - 18 scrolls of identify
Potions
 e - 37 potions of curing
 o - 11 potions of might
 r - 2 potions of haste
 F - 2 potions of berserk rage
 H - 7 potions of magic
 I - 6 potions of heal wounds
 J - a potion of cancellation
 N - 6 potions of resistance
 O - a potion of invisibility
 Q - 10 potions of ambrosia
 U - 2 potions of flight
Miscellaneous
 b - a condenser vane
 S - a phantom mirror
 V - a box of beasts


   Skills:
 - Level 23.9 Fighting
 - Level 7.3 Long Blades
 - Level 24.0 Axes
 * Level 13.0 Ranged Weapons
 - Level 19.3 Armour
 - Level 19.3 Dodging
 - Level 19.1 Stealth


You had 24 spell levels left.
You didn't know any spells.
Your spell library contained the following spells:

 Spells                   Type           Power      Damage    Failure   Level
 Slow                     Hex            0%         N/A       88%         1
 Sting                    Tmut/Pois      0%         1d3       88%         1
 Summon Small Mammal      Summ           0%         N/A       88%         1
 Cigotuvi's Dreadful Rot  Necr/Pois/Air  0%         N/A       96%         2
 Poisonous Vapours        Pois/Air       0%         N/A       96%         2
 Scorch                   Fire           0%         2d5       96%         2
 Sublimation of Blood     Necr           0%         N/A       96%         2
 Wereblood                Tmut           0%         N/A       96%         2
 Call Canine Familiar     Summ           0%         N/A       99%         3
 Confusing Touch          Hex            0%         N/A       99%         3
 Dazzling Flash           Conj/Hex       0%         N/A       99%         3
 Inner Flame              Hex/Fire       0%         N/A       99%         3
 Portal Projectile        Hex/Tloc       0%         N/A       99%         3
 Summon Guardian Golem    Hex/Summ       0%         N/A       99%         3
 Vampiric Draining        Necr           0%         2d6       99%         3
 Animate Armour           Summ/Erth      0%         N/A       100%        4
 Animate Dead             Necr           0%         N/A       100%        4
 Cause Fear               Hex            0%         N/A       100%        4
 Dispel Undead            Necr           0%         3d6       100%        4
 Flame Wave               Conj/Fire      0%         2d4       100%        4
 Iskenderun's Mystic Bla  Conj/Tloc      0%         2d3       100%        4
 Leda's Liquefaction      Hex/Erth       0%         N/A       100%        4
 Olgreb's Toxic Radiance  Pois           0%         N/A       100%        4
 Passage of Golubria      Tloc           0%         N/A       100%        4
 Summon Lightning Spire   Summ/Air       0%         N/A       100%        4
 Blade Hands              Tmut           0%         N/A       100%        5
 Iskenderun's Battlesphe  Conj           0%         2d6       100%        5
 Lee's Rapid Deconstruct  Erth           0%         3d4*      100%        5
 Silence                  Hex/Air        0%         N/A       100%        5
 Yara's Violent Unravell  Hex/Tmut       0%         3d3       100%        5
 Conjure Ball Lightning   Conj/Air       0%         3x3d6     100%        6
 Death Channel            Necr           0%         N/A       100%        6
 Dispersal                Tloc           0%         N/A       100%        6
 Iron Shot                Conj/Erth      0%         9d1       100%        6
 Simulacrum               Ice/Necr       0%         N/A       100%        6
 Starburst                Conj/Fire      0%         6d3       100%        6
 Statue Form              Tmut/Erth      0%         N/A       100%        6
 Summon Cactus Giant      Summ           0%         N/A       100%        6
 Malign Gateway           Summ/Tloc      0%         N/A       100%        7
 Spellforged Servitor     Conj/Summ      0%         N/A       100%        7
 Storm Form               Tmut/Air       0%         N/A       100%        7
 Summon Hydra             Summ           0%         N/A       100%        7
 Discord                  Hex            0%         N/A       100%        8
 Disjunction              Tloc           0%         N/A       100%        8
 Infestation              Necr           0%         N/A       100%        8
 Lehudib's Crystal Spear  Conj/Erth      0%         10d2      100%        8
 Maxwell's Capacitive Co  Air            0%         ∞         100%        8
 Death's Door             Necr           0%         N/A       100%        9


Dungeon Overview and Level Annotations

Branches:
Dungeon (15/15)            Temple (0/1) D:5            Lair (5/5) D:11
  Swamp (4/4) Lair:3       Spider (4/4) Lair:3        Slime (5/5) Lair:4
    Orc (2/2) D:11            Elf (3/3) Orc:2        Vaults (5/5) D:14
  Crypt (3/3) Vaults:3       Tomb (1/3) Crypt:3      Depths (4/4) D:15
    Zot (1/5) Depths:4

Altars:
Ashenzari
Cheibriados
Dithmenos
Fedhas
Makhleb
Okawaru
Ru
Sif Muna
Trog
Uskayaw
Vehumet
Yredelemnul
Jiyva
Lugonu

Shops:
D:1 ?   D:11 ?   D:13 *   D:15 :   Orc:2 (*:!   Vaults:3 *   Depths:1 ==:
Depths:3 [

Portals:
Hell: Depths:1 Depths:2 Depths:3 Depths:4
Abyss: Lair:5 Depths:3 Depths:4
Pandemonium: Depths:2 Depths:3
Ziggurat: Depths:4

Annotations:
D:3 1 runed translucent door
Slime:5 Royal Jelly
Depths:3 8 runed translucent doors


Innate Abilities, Weirdness & Mutations

You have a pair of large horns on your head.
You are surrounded by a strong repulsion field. (EV +4, RMsl)
A meltable icy envelope protects you from harm. (AC +0)
You are completely covered in sharp spines.
A meltable shield of frost defends you. (SH +0)
You punish those that try to bend your will. (Will+)
You have claws for feet.
Your mind is very acute. (Int +8, Str/Dex -2)
You are resistant to electric shocks. (rElec)
Your rubbery body absorbs attacks. (AC +1, EV +1)
You have a small jelly attached to you that senses nearby items.
You have a small jelly attached to you that may absorb projectiles.


Message History

You feel yourself speed up.
You are no longer corroded.
You feel extremely sick. The purple draconian barely misses you.
You block the green draconian monk's attack.
The green draconian monk kicks you!
* * * LOW HITPOINT WARNING * * *
The green draconian monk tail-slaps you!
* * * LOW HITPOINT WARNING * * *
The green draconian monk closely misses you.
The yellow draconian annihilator casts a spell at you.
The poison arrow misses you. The purple draconian barely misses you.
You feel much better.
You feel very sick.
The green draconian monk is struck by your spines.
The green draconian monk misses you. The green draconian monk kicks you!
* * * LOW HITPOINT WARNING * * *
The green draconian monk barely misses you.
The green draconian monk tail-slaps you but does no damage.
The purple draconian hits you from afar with a +0 glaive!
* * * LOW HITPOINT WARNING * * *
You feel much better.
You feel very sick. The green draconian monk hits you!
* * * LOW HITPOINT WARNING * * *
The green draconian monk kicks you but does no damage.
The green draconian monk tail-slaps you.
* * * LOW HITPOINT WARNING * * *
The green draconian monk tail-slaps you but does no damage.
The yellow draconian annihilator hits you but does no damage.
The purple draconian misses you.
You feel better.
The green draconian monk is struck by your spines.
The green draconian monk hits you!
* * * LOW HITPOINT WARNING * * *
The green draconian monk kicks you!
* * * LOW HITPOINT WARNING * * *
The green draconian monk tail-slaps you but does no damage.
The green draconian monk tail-slaps you!
You die...

...# ..# #...
..# #..# ..# .
#...# ..##
..#....##...###
........^.....##
......)qq.......
#.....)@.......
#?...dq).......
#......#.......
#......###......
....... ...#..
......# ...# .
...... ..#
...... ..#


You could see a green draconian monk (berserk, corroded), a purple draconian
(berserk) and 2 draconians.

Vanquished Creatures
  2 dread liches
  An ancient lich (Crypt:3)
  A royal mummy (Tomb:1)
  Bai Suzhen (Spider:4)
  Saint Roka (Depths:4)
  3 caustic shrikes (Depths:4)
  A profane servitor (Abyss:6)
  4 golden dragons
  A pearl dragon (Abyss:5)
  2 bone dragons (Depths:4)
  Arachne (Spider:3)
  2 Tzitzimimeh
  3 doom hounds (Depths:4)
  A hellephant (Abyss:6)
  Mlioglotl (Spider:3)
  Zenata (Crypt:3)
  A shard shrike skeleton (Crypt:2)
  A walking earthen tome (Depths:4)
  6 tentacled monstrosities
  Rupert (D:15)
  Jorgrun (D:15)
  3 titans
  7 liches
  Grunn (Depths:4)
  3 deep elf blademasters
  A deep elf master archer (Elf:3)
  3 ancient champions
  Frances (D:13)
  3 Executioners
  4 tentacled starspawn
  12 sphinxes
  7 tengu reavers
  2 death cobs (Zot:1)
  6 storm dragons
  A thorn hunter (Swamp:2)
  6 shadow dragons
  5 revenants
  Roxanne (Swamp:2)
  A draconian monk (Depths:4)
  A daeva (Abyss:6)
  8 fire giants
  Donald (Spider:1)
  8 deep elf sorcerers
  7 emperor scorpions
  Louise (Spider:1)
  7 frost giants
  A draconian knight (Abyss:6)
  3 iron dragons
  5 cacodemons (Abyss:6)
  Aizul (Depths:2)
  17 vault wardens
  A draconian scorcher (Depths:4)
  3 ghost moths
  2 orc warlords
  6 deep elf elementalists (Elf:3)
  4 curse skulls
  2 ghouls (Crypt:2)
  3 reapers
  4 spectral caustic shrikes (Depths:4)
  A draconian annihilator (Zot:1)
  10 war gargoyles
  A quicksilver ooze (Slime:1)
  3 spriggan defenders
  21 stone giants
  21 ironbound preservers
  9 ironbound thunderhulks
  4 broodmothers
  19 very ugly things
  2 green draconians
  6 vampire knights
  3 eleionomae
  4 deep elf demonologists (Elf:3)
  3 yellow draconians
  3 putrid mouths (Depths:4)
  5 bunyips
  16 dire elephants
  3 black draconians
  A bunyip (shapeshifter) (Vaults:5)
  2 red draconians (Zot:1)
  10 deep elf annihilators
  3 purple draconians (Depths:4)
  16 spark wasps
  A white draconian (Depths:4)
  3 eidola
  Snorg (Orc:1)
  7 ettins
  3 green deaths
  12 deep elf death magi
  A crystal guardian (Vaults:3)
  15 yaktaur captains
  Josephine (Spider:1)
  6 entropy weavers
  5 fire dragons
  15 jiangshi
  Fannar (Lair:1)
  10 mummy priests (Tomb:1)
  A spriggan zombie (Crypt:3)
  7 ice dragons
  3 rakshasas
  6 deep elf high priests
  4 great orbs of eyes
  A shambling mangrove (Swamp:4)
  A quicksilver dragon skeleton (Crypt:3)
  37 vault guards
  16 hydras
  An ice dragon (shapeshifter) (Elf:1)
  4 peacekeepers
  A jorogumo (Spider:3)
  A catoblepas (Lair:5)
  6 spriggan air magi
  19 centaur warriors
  4 death knights
  12 boulder beetles
  2 ogre magi
  Erica (Lair:2)
  13 ironbound frosthearts
  A spriggan skeleton (Crypt:3)
  5 radroaches
  7 deep troll shamans
  8 two-headed ogres
  13 alligators
  13 death scarabs
  4 death yaks (Lair:5)
  9 vampire magi
  21 dancing weapons
  4 tengu warriors
  5 deep troll earth magi
  2 spriggan berserkers
  Nergalle (Lair:1)
  A titan zombie (Crypt:1)
  20 thrashing horrors
  2 orc high priests
  2 soul eaters
  4 wretched stars
  3 sun moths
  25 skeletal warriors
  Amaemon (Lair:2)
  14 deep elf knights
  6 shadow wraiths
  6 iron trolls
  3 sixfirhies (Abyss:6)
  An anaconda zombie (Crypt:2)
  Lodul (D:13)
  6 goliath frogs
  A spatial maelstrom (Abyss:6)
  A storm dragon skeleton (Crypt:1)
  12 pharaoh ants
  62 deep trolls
  A goliath frog (shapeshifter) (Vaults:5)
  14 bog bodies
  6 orb spiders
  5 spriggan druids
  25 ironbound convokers
  8 deep elf archers
  33 starcursed masses
  4 swamp dragons
  A spriggan simulacrum (Crypt:1)
  13 flayed ghosts
  5 steelbarb worms
  13 lindwurms
  8 wizards
  16 phantasmal warriors
  A fenstrider witch simulacrum (Crypt:1)
  10 orc knights
  27 deep elf zephyrmancers
  8 harpies
  3 necromancers
  A wolf spider (shapeshifter) (Vaults:4)
  4 oklob plants (Lair:4)
  22 deep elf pyromancers
  17 wolf spiders
  3 orc sorcerers
  2 mana vipers (shapeshifter)
  55 ugly things
  15 cyclopes
  3 will-o-the-wisps
  A manticore (shapeshifter) (Vaults:5)
  4 moths of wrath
  A shining eye (shapeshifter) (Vaults:5)
  6 elephants
  A jorogumo zombie (Crypt:1)
  6 manticores
  2 centaur zombies
  2 apocalypse crabs
  A dire elephant zombie (Crypt:1)
  An eleionoma skeleton (Crypt:2)
  An iron dragon skeleton (Crypt:2)
  5 fire giant skeletons (Crypt:3)
  5 gargoyles
  Joseph (D:7)
  14 vault sentinels
  7 smoke demons
  5 torpor snails
  An emperor scorpion simulacrum (Crypt:1)
  11 cane toads
  6 orange demons
  2 naga skeletons (Crypt:3)
  3 black mambas
  A dire elephant skeleton (Crypt:1)
  3 centaur skeletons
  8 komodo dragons
  A red draconian zombie (Crypt:1)
  32 yaktaurs
  A minotaur zombie (Crypt:1)
  A komodo dragon (shapeshifter) (Lair:5)
  A steelbarb worm zombie (Crypt:2)
  6 freezing wraiths
  A kobold demonologist (D:10)
  5 tengu conjurers
  9 ancient zymes
  2 rime drakes
  15 demonic crawlers
  9 guardian mummies (Tomb:1)
  A mana viper zombie (Crypt:2)
  A hellwing (Depths:3)
  A polar bear (shapeshifter) (Lair:5)
  4 polar bears
  8 meliai
  A red devil (Depths:3)
  5 trolls
  7 raiju
  7 hornets
  A merfolk (shapeshifter) (Vaults:4)
  A harpy skeleton (Crypt:3)
  59 slime creatures
  11 tarantellas
  12 tyrant leeches
  25 blink frogs
  A hydra skeleton (Crypt:1)
  3 dream sheep
  2 iron dragon simulacra
  A meliai zombie (Crypt:2)
  A snapping turtle (shapeshifter) (Vaults:4)
  36 flying skulls
  38 large abominations
  A culicivora (shapeshifter) (Elf:3)
  19 culicivoras
  8 shadows
  5 vampires (Crypt:3)
  4 ynoxinuls
  4 water elementals
  11 fire dragon skeletons (Crypt:3)
  14 jumping spiders
  10 spriggans
  4 wyverns
  15 wraiths
  A centaur simulacrum (D:14)
  3 ushabtiu (Tomb:1)
  12 basilisks
  5 fire elementals
  A human (shapeshifter) (D:14)
  2 fire bats (Depths:1)
  A basilisk (shapeshifter) (Elf:3)
  39 yaks
  A golden eye (shapeshifter) (D:13)
  A neqoxec (Depths:3)
  32 redbacks
  6 vampire mosquitoes
  A minotaur simulacrum (Crypt:2)
  3 chaos spawn
  2 steam dragons
  15 wargs
  A wind drake skeleton (Crypt:2)
  12 swamp worms
  4 acid dragons
  A naga zombie (Crypt:3)
  A merfolk skeleton (Crypt:1)
  9 water moccasins
  A sky beast (D:8)
  4 swamp drakes
  2 ice beasts
  A sky beast (shapeshifter) (Vaults:5)
  6 black bears
  A swamp dragon zombie (Crypt:2)
  53 orc warriors
  30 centaurs
  17 ogres
  9 wolves
  A phantom (D:3)
  A fire crab zombie (Crypt:1)
  A vine stalker zombie (Crypt:2)
  18 bullfrogs
  A kobold brigand (D:6)
  A hog skeleton (Crypt:1)
  2 necrophages
  A wyvern zombie (Crypt:1)
  4 earth elementals
  8 scorpions
  5 wights (D:8)
  4 killer bees (D:9)
  7 howler monkeys
  12 electric eels
  The ghost of Noctane the Magician, a weakling DEAE of Okawaru (D:3)
  2 human simulacra (Vaults:3)
  17 orc priests
  3 jellies
  A gnoll bouda (D:9)
  3 hounds
  2 iguanas
  17 small abominations
  Ijyb (D:3)
  26 orc wizards
  A tengu skeleton (Crypt:1)
  A hound skeleton (Crypt:2)
  8 mummies (Tomb:1)
  4 gnolls (D:9)
  8 adders
  A shadow imp (D:5)
  4 white imps
  2 dart slugs
  6 worms
  115 orcs
  10 ball pythons
  5 bats (D:2)
  7 endoplasms
  A giant cockroach (Lair:3)
  3 goblins (D:4)
  6 hobgoblins
  2 jackals (D:2)
  19 kobolds
  7 quokkas
  An endoplasm zombie (Crypt:1)
  A kobold skeleton (Crypt:2)
  4 rats
  2 bushes
  A lurking horror (Abyss:4)
  5 starspawn tentacles (Abyss:6)
  A withered plant (Crypt:3)
2305 creatures vanquished.

Vanquished Creatures (collateral kills)
  A sphinx (Tomb:1)
  A fenstrider witch (Swamp:2)
  2 mummy priests (Tomb:1)
  An entropy weaver (Spider:4)
  2 skeletal warriors (D:11)
  A steelbarb worm (Spider:4)
  A will-o-the-wisp (Swamp:2)
  A meliai (Spider:4)
  A mummy (Tomb:1)
11 creatures vanquished.

Vanquished Creatures (others)
  An acid blob (Abyss:6)
  A draconian scorcher (Zot:1)
  A vampire knight (Depths:4)
  A vault guard (Vaults:5)
  A thrashing horror (Abyss:6)
  7 glowing orange brains (Abyss:6)
  2 shining eyes (Abyss:6)
  9 slime creatures (Abyss:6)
  A moth of wrath (Zot:1)
  2 smoke demons (Abyss:6)
  6 large abominations (Abyss:6)
  2 bloated husks
  10 small abominations (Abyss:6)
  11 golden eyes (Abyss:6)
  A neqoxec (Abyss:6)
  An orc warrior (Depths:4)
  A starcursed mass (Abyss:6)
  A gnoll bouda (Lair:3)
  73 jellies
  An orc wizard (Orc:1)
  5 orcs
  20 foxfires
  24 fungi
  A lurking horror (Abyss:6)
  73 plants
  10 starspawn tentacles
  58 withered plants (Crypt:3)
324 creatures vanquished.

Grand Total: 2640 creatures vanquished

Notes
Turn   | Place    | Note
-------+----------+-------------------------------------------
     0 | D:1      | Meriados the Demonspawn Berserker began the quest for the
                  | Orb.
     0 | D:1      | Reached XP level 1. HP: 18/18 MP: 1/1
   211 | D:1      | Found Amoymp's Magic Scroll Shop.
   617 | D:1      | Gained mutation: You have a pair of small horns on your
                  | head. [demonic ancestry]
   617 | D:1      | Reached XP level 2. HP: 24/24 MP: 2/2
  1249 | D:2      | Reached XP level 3. HP: 28/29 MP: 3/3
  1322 | D:2      | Reached ** piety under Trog
  2182 | D:3      | Found a runed translucent door.
  2183 | D:3      | Found a broken altar of Ashenzari.
  2183 | D:3      | Noticed Noctane's ghost (weakling DEAE)
  2183 | D:3      | Noticed a bullfrog
  2341 | D:3      | You fall into a shaft and drop 2 floors!
  2341 | D:5      | Entered Level 5 of the Dungeon
  2352 | D:5      | Found a staircase to the Ecumenical Temple.
  2374 | D:3      | Noticed a phantom
  2385 | D:3      | Killed a phantom
  2386 | D:3      | Gained mutation: You are surrounded by a mild repulsion
                  | field. (EV +2) [demonic ancestry]
  2386 | D:3      | Reached XP level 4. HP: 19/37 MP: 4/4
  2511 | D:3      | Reached XP level 5. HP: 41/42 MP: 5/5
  2864 | D:3      | Found a runed translucent door.
  2890 | D:3      | Found a snail-covered altar of Cheibriados.
  2937 | D:3      | Noticed Ijyb
  2939 | D:3      | Paralysed by Ijyb for 5 turns
  2950 | D:3      | Paralysed by Ijyb for 5 turns
  2958 | D:3      | Paralysed by Ijyb for 5 turns
  2963 | D:3      | Killed Ijyb
  3255 | D:3      | Killed Noctane's ghost
  3256 | D:3      | Gained mutation: You have a pair of horns on your head.
                  | [demonic ancestry]
  3256 | D:3      | Reached XP level 6. HP: 48/48 MP: 6/6
  3555 | D:4      | Reached *** piety under Trog
  3613 | D:4      | Found a blossoming altar of Fedhas.
  3769 | D:5      | Found Zin's Purification Station.
  3866 | D:5      | Bought a potion of curing for 90 gold pieces
  3925 | D:5      | Found an iron altar of Okawaru.
  3996 | D:5      | Noticed a two-headed ogre
  4015 | D:5      | Reached skill level 5 in Long Blades
  4015 | D:5      | Gained mutation: You are partially covered in sharp spines.
                  | [demonic ancestry]
  4015 | D:5      | Reached XP level 7. HP: 55/55 MP: 7/7
  4248 | D:5      | Found a shadowy altar of Dithmenos.
  4354 | D:5      | Found a hide-covered altar of Uskayaw.
  4536 | D:5      | Reached skill level 5 in Fighting
  4587 | D:6      | Gained mutation: You are surrounded by a moderate repulsion
                  | field. (EV +3) [demonic ancestry]
  4587 | D:6      | Reached XP level 8. HP: 62/62 MP: 8/8
  4671 | D:6      | Reached **** piety under Trog
  5469 | D:7      | Identified the +10 battleaxe "Luocuh" {vorpal, rElec rCorr
                  | SInv Stlth-}
  5538 | D:7      | Reached skill level 5 in Dodging
  5546 | D:7      | Reached skill level 5 in Armour
  5756 | D:7      | Reached skill level 2 in Axes
  5756 | D:7      | Gained mutation: A meltable shield of frost defends you.
                  | (SH +0) [demonic ancestry]
  5756 | D:7      | Reached XP level 9. HP: 61/69 MP: 9/9
  5862 | D:7      | Reached skill level 3 in Axes
  6061 | D:7      | Noticed Joseph
  6069 | D:7      | Killed Joseph
  6070 | D:7      | Reached skill level 6 in Axes
  6461 | D:8      | Reached skill level 7 in Axes
  6589 | D:8      | Reached skill level 8 in Axes
  6706 | D:8      | Reached skill level 9 in Axes
  6975 | D:8      | Reached ***** piety under Trog
  6976 | D:8      | Reached skill level 10 in Axes
  7242 | D:9      | Reached XP level 10. HP: 76/76 MP: 10/10
  7243 | D:9      | Reached skill level 11 in Axes
  7427 | D:9      | Found a radiant altar of Vehumet.
  7946 | D:10     | Entered Level 10 of the Dungeon
  7946 | D:10     | Noticed a two-headed ogre
  7956 | D:10     | Killed a two-headed ogre
  7957 | D:10     | Reached skill level 12 in Axes
  8310 | D:10     | Noticed a boulder beetle
  8314 | D:10     | Reached skill level 13 in Axes
  8470 | D:10     | Killed a boulder beetle
  8549 | D:10     | Noticed a two-headed ogre
  8564 | D:10     | Killed a two-headed ogre
  8603 | D:10     | Received a gift from Trog
  8988 | D:10     | Noticed an ogre mage
  8992 | D:10     | Noticed a manticore
  8996 | D:10     | Killed an ogre mage
  8996 | D:10     | Noticed a centaur warrior
  8997 | D:10     | Reached skill level 14 in Axes
  8997 | D:10     | Reached XP level 11. HP: 62/82 MP: 11/11
  9005 | D:10     | Killed a centaur warrior
  9345 | D:11     | Found Sasmeruo's Magic Scroll Emporium.
  9351 | D:11     | Bought a scroll of identify for 22 gold pieces
  9693 | D:11     | Found a staircase to the Lair.
  9846 | D:11     | Noticed a skeletal warrior
  9848 | D:11     | Noticed a skeletal warrior
  9848 | D:11     | Noticed a skeletal warrior
  9850 | D:11     | Noticed a skeletal warrior
  9851 | D:11     | Killed a skeletal warrior
  9852 | D:11     | Noticed a skeletal warrior
  9855 | D:11     | Killed a skeletal warrior
 10056 | D:11     | Killed a skeletal warrior
 10377 | Lair:1   | Entered Level 1 of the Lair of Beasts
 10621 | Lair:1   | Noticed Nergalle
 10633 | Lair:1   | Killed Nergalle
 11066 | Lair:1   | Identified the +3 robe of Naohank {rPois}
 11078 | Lair:1   | Gained mutation: You are surrounded by a strong repulsion
                  | field. (EV +4, RMsl) [demonic ancestry]
 11078 | Lair:1   | Reached XP level 12. HP: 93/93 MP: 12/12
 11159 | Lair:1   | Noticed Fannar
 11166 | Lair:1   | Killed Fannar
 11641 | Lair:2   | Received a gift from Trog
 11706 | Lair:2   | Reached skill level 15 in Axes
 11976 | Lair:2   | Noticed Erica
 11989 | Lair:2   | Killed Erica
 12126 | Lair:2   | Noticed Amaemon
 12136 | Lair:2   | Killed Amaemon
 13128 | D:5      | Killed a two-headed ogre
 13316 | D:1      | Bought a scroll of acquirement for 572 gold pieces
 13316 | D:1      | Bought a scroll of identify for 22 gold pieces
 13316 | D:1      | Acquired the amulet "Baig" {Reflect Str+4 Dex+3 SH+5
                  | Stlth+}
 13707 | Lair:2   | Reached skill level 10 in Fighting
 13806 | Lair:3   | Noticed a five-headed hydra
 13808 | Lair:3   | Killed a seven-headed hydra
 13963 | Lair:3   | Gained mutation: You are mostly covered in sharp spines.
                  | [demonic ancestry]
 13963 | Lair:3   | Reached XP level 13. HP: 98/103 MP: 13/13
 13993 | Lair:3   | Found a staircase to the Swamp.
 14484 | Lair:3   | Found a hole to the Spider Nest.
 15151 | Lair:4   | Found a viscous altar of Jiyva.
 15152 | Lair:4   | Found a staircase to the Slime Pits.
 15963 | Lair:5   | Entered Level 5 of the Lair of Beasts
 16533 | Lair:5   | Reached skill level 16 in Axes
 16790 | Lair:5   | Reached skill level 10 in Dodging
 16810 | Lair:5   | Reached skill level 10 in Armour
 16903 | Lair:5   | Reached XP level 14. HP: 97/116 MP: 14/14
 17101 | Lair:5   | Found the +5 sword of Power {vorpal}
 17103 | Lair:5   | Found a corrupted altar of Lugonu.
 17103 | Lair:5   | Found a one-way gate to the infinite horrors of the Abyss.
 17829 | Swamp:1  | Entered Level 1 of the Swamp
 18566 | Swamp:1  | Acquired the +11 scale mail of Lust {rF+ MP+9}
 19414 | Swamp:2  | Received a gift from Trog
 19422 | Swamp:2  | Noticed a thorn hunter
 19435 | Swamp:2  | Killed a thorn hunter
 19882 | Swamp:2  | Noticed Roxanne
 20005 | Swamp:2  | Noticed a fenstrider witch
 20262 | Swamp:2  | Killed a fenstrider witch
 20299 | Swamp:2  | Killed Roxanne
 20805 | D:11     | Found a staircase to the Orcish Mines.
 21097 | D:11     | Bought a scroll of enchant weapon for 82 gold pieces
 21174 | Orc:1    | Entered Level 1 of the Orcish Mines
 21184 | Orc:1    | Reached XP level 15. HP: 127/127 MP: 15/15
 21253 | Orc:2    | Entered Level 2 of the Orcish Mines
 21289 | Orc:2    | Reached skill level 15 in Fighting
 21307 | Orc:2    | Found a staircase to the Elven Halls.
 21330 | Orc:2    | Found Futt's General Store.
 21817 | Orc:2    | Reached skill level 17 in Axes
 22000 | Orc:2    | Found Zeguulu Futz's Distillery.
 22000 | Orc:2    | Found Lygu's Book Shop.
 22064 | Orc:2    | Bought a potion of degeneration for 13 gold pieces
 22104 | Orc:2    | Received a gift from Trog
 22318 | Orc:2    | Found Bulor's Distillery.
 22318 | Orc:2    | Found Paxumus's Weapon Shop.
 22531 | Orc:1    | Noticed Snorg
 22540 | Orc:1    | Killed Snorg
 23007 | Elf:1    | Entered Level 1 of the Elven Halls
 23099 | Elf:1    | Identified the +10 long sword "Wearrail" {holy, Will++}
 23269 | Elf:1    | Reached ****** piety under Trog
 23291 | Elf:1    | Found a shimmering blue altar of Sif Muna.
 23294 | Elf:1    | Received a gift from Trog
 24992 | Elf:2    | Reached XP level 16. HP: 106/138 MP: 16/16
 25269 | Elf:2    | Found a runed translucent gate.
 25269 | Elf:2    | Found a runed translucent gate.
 25280 | Elf:2    | Found a runed translucent gate.
 25511 | Elf:2    | Received a gift from Trog
 25526 | Elf:2    | Noticed a deep elf blademaster
 25560 | Elf:2    | Killed a deep elf blademaster
 26480 | Elf:3    | Entered Level 3 of the Elven Halls
 26650 | Elf:3    | Received a gift from Trog
 26889 | Elf:3    | Noticed a deep elf blademaster
 26907 | Elf:3    | Killed a deep elf blademaster
 27005 | Elf:3    | Reached skill level 18 in Axes
 27069 | Elf:3    | Noticed a deep elf master archer
 27079 | Elf:3    | Killed a deep elf master archer
 27844 | Elf:3    | Noticed a Brimstone Fiend
 27847 | Elf:3    | Noticed an Ice Fiend
 28114 | Elf:3    | Identified the +1 leather armour of the Snake Pit {Drain
                  | Str+3}
 28114 | Elf:3    | Noticed a deep elf blademaster
 28134 | Elf:3    | Killed a deep elf blademaster
 28475 | Elf:3    | Received a gift from Trog
 28563 | Elf:3    | Gained mutation: You have a pair of large horns on your
                  | head. [demonic ancestry]
 28563 | Elf:3    | Reached XP level 17. HP: 147/147 MP: 17/17
 28643 | Elf:3    | Identified the +3 chain mail of Card Tricks {rC++ Will+
                  | Int-2 Slay+3}
 28646 | Elf:3    | Identified the +2 pair of gloves of Grace {*Corrode rF+
                  | Str+2}
 28877 | Elf:3    | Identified the +6 sling "Saskaer" {drain, rPois MP+9}
 29255 | Spider:1 | Entered Level 1 of the Spider Nest
 29259 | Spider:1 | Reached skill level 1 in Stealth
 29455 | Spider:1 | Noticed Louise
 29455 | Spider:1 | Noticed Josephine
 29541 | Spider:1 | Killed Louise
 29832 | Spider:1 | Received a gift from Trog
 29987 | Spider:1 | Killed Josephine
 30295 | Spider:1 | Noticed Donald
 30301 | Spider:1 | Killed Donald
 31034 | Spider:2 | Reached skill level 5 in Stealth
 31582 | Spider:2 | Identified the +0 chain mail of the Slimy God {rElec rCorr
                  | Int-4}
 32342 | Spider:3 | Noticed Mlioglotl
 32344 | Spider:3 | Noticed Arachne
 32355 | Spider:3 | Killed Mlioglotl
 32370 | Spider:3 | Gained mutation: A meltable icy envelope protects you from
                  | harm. (AC +0) [demonic ancestry]
 32370 | Spider:3 | Reached XP level 18. HP: 121/156 MP: 18/18
 32371 | Spider:3 | Killed Arachne
 33150 | Spider:4 | Entered Level 4 of the Spider Nest
 33178 | Spider:4 | Received a gift from Trog
 33183 | Spider:4 | Reached skill level 19 in Axes
 33223 | Spider:4 | Noticed Bai Suzhen
 33236 | Spider:4 | Killed Bai Suzhen
 34346 | Spider:4 | Got a gossamer rune of Zot
 34386 | Spider:4 | Identified the +1 pair of boots of Leapfrog {Fly rC+++
                  | Str+3 Int-4}
 34867 | Swamp:3  | Reached skill level 15 in Dodging
 35082 | Swamp:3  | Reached skill level 15 in Armour
 35521 | Swamp:4  | Entered Level 4 of the Swamp
 35541 | Swamp:4  | Received a gift from Trog
 35681 | Swamp:4  | Reached skill level 10 in Stealth
 36287 | Swamp:4  | Gained mutation: A meltable icy envelope protects you from
                  | harm. (AC +0) [demonic ancestry]
 36287 | Swamp:4  | Reached XP level 19. HP: 165/165 MP: 19/19
 36361 | Swamp:4  | Got a decaying rune of Zot
 36529 | Slime:1  | Entered Level 1 of the Pits of Slime
 36655 | Lair:4   | Upgraded the game from 0.30-a0-347-gf58ed5266c to
                  | 0.30-a0-354-g6b83867211
 36655 | Lair:4   | Upgraded the game from 0.30-a0-354-g6b83867211 to
                  | 0.30-a0-358-g0d69a1922f
 37135 | D:12     | Received a gift from Trog
 37755 | D:13     | Noticed Lodul
 37761 | D:13     | Killed Lodul
 38042 | D:13     | Found Mehosuiz's Neck Hole.
 38275 | D:13     | Noticed Frances
 38284 | D:13     | Killed Frances
 38510 | D:14     | Found a bloodstained altar of Trog.
 38775 | D:14     | Found a gate to the Vaults.
 39089 | D:14     | Found a hide-covered altar of Uskayaw.
 39338 | D:15     | Entered Level 15 of the Dungeon
 39380 | D:15     | Received a gift from Trog
 39537 | D:15     | Noticed Rupert
 39546 | D:15     | Killed Rupert
 39618 | D:15     | Found Ostrues's Book Emporium.
 39627 | D:15     | Bought a manual of Fighting for 960 gold pieces
 39632 | D:15     | Noticed Jorgrun
 39642 | D:15     | Killed Jorgrun
 40055 | D:15     | Found a staircase to the Depths.
 40450 | Vaults:1 | Entered Level 1 of the Vaults
 40956 | Vaults:1 | Reached skill level 20 in Axes
 41158 | Vaults:1 | Gained mutation: You punish those that try to bend your
                  | will. (Will+) [demonic ancestry]
 41158 | Vaults:1 | Reached XP level 20. HP: 151/176 MP: 20/20
 41370 | Vaults:1 | Received a gift from Trog
 42833 | Vaults:2 | Received a gift from Trog
 42873 | Vaults:2 | Acquired a manual of Stealth
 44006 | Vaults:3 | Received a gift from Trog
 44066 | Vaults:3 | Gained mutation: You are completely covered in sharp
                  | spines. [demonic ancestry]
 44066 | Vaults:3 | Reached XP level 21. HP: 186/186 MP: 21/21
 44487 | Vaults:3 | Found a staircase to the Crypt.
 44496 | Vaults:3 | Found Ruelas's Assorted Antiques.
 45413 | Vaults:4 | Reached skill level 21 in Axes
 45715 | Vaults:4 | Reached skill level 15 in Stealth
 46060 | Vaults:5 | Entered Level 5 of the Vaults
 46285 | Vaults:5 | Noticed a golden dragon
 46295 | Vaults:4 | Received a gift from Trog
 46476 | Vaults:5 | Noticed a golden dragon
 46606 | Vaults:4 | Killed a golden dragon
 46632 | Vaults:4 | Killed a golden dragon
 46638 | Vaults:4 | Reached XP level 22. HP: 198/198 MP: 22/22
 46695 | Abyss:3  | Cast into level 3 of the Abyss (a deep elf sorcerer)
 46719 | Abyss:4  | Noticed a dread lich
 47100 | Abyss:5  | Received a gift from Trog
 47114 | Abyss:5  | Gained mutation: You are frail. (-10% HP) [a neqoxec]
 47123 | Abyss:5  | Gained mutation: Your spells are easier to cast, but less
                  | powerful. [a neqoxec]
 47124 | Vaults:5 | Escaped the Abyss
 47332 | Vaults:5 | Noticed a golden dragon
 47451 | Vaults:5 | Killed a golden dragon
 47636 | Vaults:5 | Got a silver rune of Zot
 47686 | Vaults:5 | Identified the +2 hand axe of Debt {vorpal, rC+ Dex+2}
                  | (Trog gifted it to you on level 5 of the Vaults)
 47686 | Vaults:5 | Received a gift from Trog
 47817 | Vaults:5 | Identified the +8 shortbow of the Thoughtful Tables
                  | {freeze, Drain rF++ Dex+3 SInv}
 47950 | Vaults:5 | Identified the +10 great sword "Giantbane" {drain, rElec
                  | rF- Int-5 Dex+7}
 48020 | Vaults:5 | Identified the +7 plate armour "Mogu" {rN+ Int+4}
 48126 | Vaults:5 | Noticed a dread lich
 48139 | Vaults:5 | Killed a dread lich
 48669 | Vaults:5 | Identified the +9 long sword "Jelly's Nightmare" {venom,
                  | Int+2}
 48810 | Vaults:5 | Identified the +6 arbalest "Zieneser" {flame, *Slow rPois
                  | rN++ rCorr}
 49350 | D:14     | Received a gift from Trog
 49540 | Lair:4   | Fell from the grace of Trog
 49540 | Lair:4   | Became a worshipper of Jiyva Josong the Shapeless
 49829 | Depths:1 | Entered Level 1 of the Depths
 49874 | Depths:1 | Reached skill level 1 in Ranged Weapons
 49933 | Depths:1 | Identified the +7 rapier of Calamity {flame, *Rage rElec
                  | Str+5}
 50021 | Depths:1 | Found a shimmering blue altar of Sif Muna.
 50066 | Depths:1 | Reached * piety under Jiyva
 50070 | Depths:1 | Found a gateway to Hell.
 50304 | Depths:1 | Found a sacrificial altar of Ru.
 50443 | Depths:1 | Found Suomusy's Book Shoppe.
 50443 | Depths:1 | Found Xuettont's Jewellery Boutique.
 50444 | Depths:1 | Found Caleqoff's Jewellery Boutique.
 50461 | Depths:1 | Bought the ring "Zogheonote" {rPois rN+} for 592 gold
                  | pieces
 50582 | Depths:2 | Reached XP level 23. HP: 185/185 MP: 23/23
 50659 | Depths:2 | Noticed Aizul
 50672 | Depths:2 | Killed Aizul
 50850 | Depths:2 | Reached ** piety under Jiyva
 50979 | Depths:2 | Found a one-way gate leading to the halls of Pandemonium.
 51562 | Depths:3 | Reached skill level 22 in Axes
 51569 | Depths:3 | Found a large runed translucent door.
 51573 | Depths:3 | Found a large runed translucent door.
 51615 | Depths:3 | Found a large runed translucent door.
 51618 | Depths:3 | Noticed a juggernaut
 51619 | Depths:3 | Found a large runed translucent door.
 51620 | Depths:3 | Found a large runed translucent door.
 51621 | Depths:3 | Found a large runed translucent door.
 51717 | Depths:3 | Reached *** piety under Jiyva
 51841 | Depths:3 | Found a large runed translucent door.
 51841 | Depths:3 | Lost mutation: Your spells are a little easier to cast, but
                  | a little less powerful. [Jiyva's grace]
 51841 | Depths:3 | Gained mutation: Your rubbery body absorbs attacks. (AC +1,
                  | EV +1) [Jiyva's grace]
 51841 | Depths:3 | Gained mutation: Your pliable body absorbs attacks. (AC +2,
                  | EV +2) [Jiyva's grace]
 51841 | Depths:3 | Gained mutation: Your gelatinous body deflects attacks. (AC
                  | +3, EV +3) [Jiyva's grace]
 51841 | Depths:3 | Gained mutation: You have a small jelly attached to you
                  | that senses nearby items. [Jiyva's grace]
 51897 | Depths:3 | Found Vexyff's Armour Boutique.
 51921 | Depths:3 | Bought the +8 orange crystal plate armour {Archmagi, Int+3
                  | Clar} for 2745 gold pieces
 51921 | Depths:3 | Found the +8 orange crystal plate armour {Archmagi, Int+3
                  | Clar}
 51976 | Depths:3 | Found a corrupted altar of Lugonu.
 52381 | Depths:3 | Found a large runed translucent door.
 52439 | Depths:4 | Entered Level 4 of the Depths
 52538 | Depths:4 | Reached **** piety under Jiyva
 52549 | Depths:4 | Found a gate to the Realm of Zot.
 52587 | Depths:4 | Identified the +3 buckler "Urphaelo" {rN+ Slay+3}
 52587 | Depths:4 | Noticed Saint Roka
 52600 | Depths:4 | Killed Saint Roka
 52601 | Depths:4 | Reached skill level 5 in Ranged Weapons
 52607 | Depths:4 | Noticed Grunn
 52624 | Depths:4 | Killed Grunn
 52633 | Depths:4 | Noticed a caustic shrike
 52634 | Depths:4 | Noticed a caustic shrike
 52638 | Depths:4 | Noticed a caustic shrike
 52645 | Depths:4 | Killed a caustic shrike
 52648 | Depths:4 | Killed a caustic shrike
 52648 | Depths:4 | Killed a caustic shrike
 53041 | Depths:4 | Reached XP level 24. HP: 194/194 MP: 23/23
 53242 | Depths:4 | Found a one-way gateway to a ziggurat.
 53253 | Depths:4 | Paralysed by Trog for 3 turns
 54023 | Crypt:1  | Entered Level 1 of the Crypt
 54040 | Crypt:1  | Found a basalt altar of Yredelemnul.
 54805 | Lair:5   | Voluntarily entered the Abyss.
 54906 | Abyss:6  | Lost mutation: Your gelatinous body deflects attacks. (AC
                  | +3, EV +3) [Jiyva's grace]
 54906 | Abyss:6  | Gained mutation: Your mind is acute. (Int +4, Str/Dex -1)
                  | [Jiyva's grace]
 54906 | Abyss:6  | Gained mutation: Your mind is very acute. (Int +8, Str/Dex
                  | -2) [Jiyva's grace]
 54906 | Abyss:6  | Gained mutation: You have a small jelly attached to you
                  | that may absorb projectiles. [Jiyva's grace]
 54906 | Abyss:6  | Gained mutation: You are resistant to electric shocks.
                  | (rElec) [Jiyva's grace]
 54951 | Abyss:6  | Paralysed by accursed screaming for 2 turns
 54956 | Abyss:6  | Paralysed by accursed screaming for 2 turns
 55037 | Abyss:6  | Got an abyssal rune of Zot
 55070 | Abyss:6  | Paralysed by accursed screaming for 2 turns
 55105 | Lair:5   | Escaped the Abyss
 55439 | Lair:1   | Upgraded the game from 0.30-a0-358-g0d69a1922f to
                  | 0.30-a0-368-g86fb4627a9
 56260 | Crypt:1  | Was forgiven by Trog
 56968 | Crypt:2  | Reached skill level 23 in Axes
 57049 | Crypt:2  | Found a burning altar of Makhleb.
 57162 | Crypt:2  | Reached ***** piety under Jiyva
 57515 | Crypt:3  | Entered Level 3 of the Crypt
 57589 | Crypt:3  | Reached skill level 10 in Ranged Weapons
 57870 | Crypt:3  | Reached XP level 25. HP: 200/200 MP: 23/23
 58315 | Crypt:3  | Identified the ring "Polargh" {Fire +Blink Int-5 Dex+6}
 58315 | Crypt:3  | Noticed Zenata
 58333 | Crypt:3  | Killed Zenata
 58814 | Crypt:3  | Noticed a dread lich
 58854 | Crypt:3  | Killed a dread lich
 59090 | Crypt:3  | Identified the ring of Duviplamp {rN+ Int+2 Dex+2 SInv}
 59090 | Crypt:3  | Identified the ring "Effusch" {rPois rC+ rN+ rCorr}
 59178 | Crypt:3  | Gained mutation: You expend magic power (3 MP) to
                  | strengthen your wands. [Jiyva's grace]
 59178 | Crypt:3  | Gained mutation: You have sharp toenails. [Jiyva's grace]
 59178 | Crypt:3  | Gained mutation: You have razor-sharp toenails. [Jiyva's
                  | grace]
 59178 | Crypt:3  | Gained mutation: You have claws for feet. [Jiyva's grace]
 59275 | Crypt:3  | Got Hucol's Parchment of Superposition
 59476 | Crypt:3  | Found a staircase to the Tomb.
 59476 | Crypt:3  | Noticed an ancient lich
 59485 | Crypt:3  | Killed an ancient lich
 59509 | Crypt:3  | Identified the ring "Lutootza" {Will+ MP+9 Int-2 Dex+4
                  | SInv}
 59512 | Crypt:3  | Got the Enchiridion on Dark Deeds
 59915 | Vaults:5 | Got the Codex of Gathered Forms
 60419 | Orc:2    | Bought a potion of curing for 39 gold pieces
 60419 | Orc:2    | Bought a potion of mutation for 104 gold pieces
 60419 | Orc:2    | Bought a potion of heal wounds for 65 gold pieces
 60419 | Orc:2    | Bought a potion of flight for 39 gold pieces
 60419 | Orc:2    | Bought a potion of curing for 39 gold pieces
 60419 | Orc:2    | Lost mutation: You expend magic power (3 MP) to strengthen
                  | your wands. [potion of mutation]
 60419 | Orc:2    | Lost mutation: Your pliable body absorbs attacks. (AC +2,
                  | EV +2) [potion of mutation]
 60419 | Orc:2    | Lost mutation: You are frail. (-10% HP) [potion of
                  | mutation]
 60731 | Crypt:3  | Identified the +8 trident of Enisil {distort, Dex+4}
 60931 | Tomb:1   | Entered Level 1 of the Tomb of the Ancients
 62126 | Tomb:1   | Noticed a royal mummy
 62195 | Tomb:1   | Killed a royal mummy
 62619 | Tomb:1   | Reached skill level 24 in Axes
 64394 | Slime:5  | Entered Level 5 of the Pits of Slime
 64579 | Slime:5  | Found a viscous altar of Jiyva.
 64580 | Slime:5  | Found the +3 robe of Clouds {*Thunder rCloud rElec}
 64604 | Slime:5  | Noticed the Royal Jelly
 65120 | Zot:1    | Entered Level 1 of the Realm of Zot
 65159 | Zot:1    | HP: 11/223 [green draconian monk (17)]
 65162 | Zot:1    | Mangled by a green draconian monk

Illustrated notes

Levels and vault maps discovered:
D:1:      lemuel_arrival_behind_the_door_large, layout_loops_corners,
          serial_shops, nicolae_diamond_shop, dk_noncrumbling_4,
          minmay_pentomino_q2
D:2:      layout_loops_corners
D:3:      layout_loops_ring, slow_altar_2, lemuel_round_altar,
          ebering_ghost_sewer_f, minmay_misc_feat_room, uniq_ijyb
D:4:      layout_cave_pools, fedhas_altar_fruit_tree, st_stairs_7
D:5:      layout_cave_pools, kennysheep_mini_moat, okawaru_trees_1,
          kennysheep_mini, nicolae_dithmenos_shadow_blocks, zin_purify,
          minmay_temple_entry_arrows, minivault_1, grunt_ministairs_5,
          lightli_corner_chamber
D:6:      layout_cave_pools
D:7:      layout_basic, hex_tiny, uniq_joseph
D:8:      layout_rooms, fungi_pond_lemuel
D:9:      layout_roguey, kennysheep_little_box, grunt_ministairs_13,
          lemuel_flame_loot_1
D:10:     minmay_blocky_corners, layout_basic
D:11:     layout_long_grid, lair_entry_dummy, orc_0_dummy, serial_shops,
          nicolae_shop_waterfront
D:12:     layout_basic, chequers_serial_rivers_micro_a,
          kennysheep_generic_room_5
D:13:     layout_long_grid, kennysheep_another_room,
          nicolae_shop_sticking_my_neck_out, uniq_frances, uniq_lodul
D:14:     layout_irregular_city, skrybe_vaults_entry_preservation,
          nicolae_uskayaw_murder_on_the_dancefloor, serial_glass,
          glass_columns_b, glass_columns_b, trog_ov_bears_minmay
D:15:     gammafunk_enter_depths_forms, layout_loops_ring,
          chequers_serial_rivers_micro_b, serial_shops, nicolae_shop_crystal,
          serial_bayou_pond_b, hangedman_decor_lopped, uniq_rupert, uniq_jorgrun
Lair:1:   layout_cave_pods, grunt_megastairs_5, lemuel_fruit_tree, uniq_fannar,
          uniq_nergalle
Lair:2:   layout_long_grid, beast_lair_carwin_11, infiniplex_staircase_pool_2,
          grunt_megastairs_4, uniq_amaemon, uniq_erica
Lair:3:   layout_loops_ring, skrybe_swamp_entry_bodies,
          nicolae_spider_entry_non_spiders, dreamdust_gnoll_shepherd,
          serial_bayou_shore_a
Lair:4:   minmay_lair_oklob_tunnel, layout_loops_ring, dpeg_slime_entry_corner,
          serial_bayou, serial_bayou_pond_b, serial_bayou_lagoon_b,
          serial_bayou_pond_c, serial_bayou_pond_e, serial_bayou_shore_b,
          serial_bayou_lake_a
Lair:5:   hellmonk_lair_end_abyssal_woods, layout_gridlike
Swamp:1:  layout_basic_swamp, evilmike_swamp_ruin_rubble_1
Swamp:2:  layout_basic_swamp, serial_swamp_ruin, evilmike_swamp_ruin_rubble_2,
          evilmike_swamp_ruin_house_4, swamp_pool5, uniq_roxanne
Swamp:3:  layout_basic_swamp, nicolae_swamp_small_spring
Swamp:4:  swamp_vile, layout_basic_swamp, infiniplex_staircase_pool
Spider:1: layout_chambers, beargit_elvish_explorers, uniq_donald, uniq_louise,
          uniq_josephine
Spider:2: layout_spider_delve
Spider:3: nicolae_spider_hilbert_zone_1 [nicolae_spider_hilbert_4_sides_1_open,
          nicolae_spider_hilbert_4_sides_1_open,
          nicolae_spider_hilbert_4_sides_1_open,
          nicolae_spider_hilbert_4_sides_1_open,
          nicolae_spider_hilbert_3_sides_1_open,
          nicolae_spider_hilbert_3_sides_1_open,
          nicolae_spider_hilbert_3_sides_1_open,
          nicolae_spider_hilbert_3_sides_1_open,
          nicolae_spider_hilbert_3_sides_1_open,
          nicolae_spider_hilbert_6_sides_1_open,
          nicolae_spider_hilbert_6_sides_1_open,
          nicolae_spider_hilbert_3_sides_1_open,
          nicolae_spider_hilbert_3_sides_1_open,
          nicolae_spider_hilbert_3_sides_1_open,
          nicolae_spider_hilbert_3_sides_1_open,
          nicolae_spider_hilbert_2_sides_1_open], uniq_arachne, uniq_mlioglotl
Spider:4: hellmonk_spider_rune_bug_friends, uniq_bai_suzhen
Slime:1:  layout_caves
Slime:2:  layout_caves, cheibrodos_slime_lost_civilization_4
Slime:3:  layout_caves
Slime:4:  layout_caves
Slime:5
Orc:1:    layout_caves, uniq_snorg
Orc:2:    st_orc_town, layout_caves, serial_shops, shop
Elf:1:    layout_geoelf_diagonals, basic_altar, kennysheep_underground_church
Elf:2:    elven_hall_of_blades_hangedman_original
          [nicolae_blade_entry_pointy_end], layout_gridlike, grunt_ministairs_15
Elf:3:    minmay_elf_hall_spiked, layout_onion_city,
          nicolae_elf_variegated_diamond
Vaults:1: ontoclasm_vaults_eye, v_rooms_3, nicolae_vaults_stairing_the_circle,
          v_misc_31, nicolae_vaults_windows_and_doors_thing,
          vaults_room_stairs_pillars, v_rooms_1, v_misc_8,
          ontoclasm_vaults_fault, nicolae_vaults_little_squares_6,
          layout_vaults_chaotic_city
Vaults:2: hangedman_vaults_trim, vaults_room_grunt_arrival_checkpoint,
          nicolae_vaults_network_quinsquares
          [nicolae_vaults_network_quincunx_subvault,
          nicolae_vaults_network_quincunx_subvault,
          nicolae_vaults_network_quincunx_subvault,
          nicolae_vaults_network_quincunx_subvault],
          vaults_mumra_minichess_inversion, hangedman_vaults_restitches,
          ontoclasm_vaults_ring_small, vaults_dpeg_doors,
          ontoclasm_vaults_ring_small, hangedman_vaults_stretched_pinwheel,
          hangedman_vaults_river_flow, ontoclasm_vaults_ring_small,
          ontoclasm_vaults_shuriken, st_more_cells, grunt_vaults_diagonal,
          layout_vaults_maze
Vaults:3: v_misc_2, v_misc_1, v_misc_10, v_pattern_1, serial_ice_g,
          blue_anna_dwarven_crypt, nicolae_vaults_big_angled_halls,
          dpeg_vaults_hating_casters, vaults_room_door_ring,
          dpeg_vaults_monster_row, vaults_room_stairs_pillars,
          layout_vaults_omnicross, serial_shops, nicolae_shop_trees
Vaults:4: v_misc_5, vaults_room_boxed, nicolae_vaults_know_your_exits,
          v_rooms_2, vaults_mumra_lcd, vaults_mumra_hex, v_pattern_5,
          ontoclasm_vaults_ring_small, vaults_room_fancy_cross, serial_ice_m,
          hangedman_vaults_hat, ontoclasm_vaults_twist, v_misc_8,
          ontoclasm_vaults_loading_screen, layout_vaults_ring
Vaults:5
Crypt:1:  layout_gridlike, lemuel_statue_altar
Crypt:2:  layout_chaotic_city, st_stairs_3, nzn_life_drinkers
Crypt:3:  quadcrypt_mu, uniq_zenata
Tomb:1
Depths:1: layout_cave_pools, serial_rivers, chequers_serial_rivers_small_b,
          chequers_serial_rivers_micro_e, chequers_serial_rivers_micro_a,
          chequers_serial_rivers_micro_b, basic_altar, hell_entry,
          nicolae_ru_path_of_blood, minmay_shop_grove,
          infiniplex_staircase_pool_lava
Depths:2: minmay_distorted_concentric_squares, layout_gridlike, hell_entry,
          pan_entry, uniq_aizul
Depths:3: minmay_five_octagons, layout_basic, serial_shops,
          nicolae_shop_waterfront, grunt_hell_entry_dis_mu,
          abyss_entry_flame_altar, hangedman_decor_push, grunt_pan_entry_zigzag
Depths:4: grunt_x_marks_the_spot, layout_small_grid, enter_ziggurat_f,
          hangedman_decor_growths, abyss_entry, pf_hell_entry_tar_river,
          uniq_grunn, uniq_saint_roka
Zot:1:    layout_cathedral_of_symmetry

Skill      XL: |  1  2  3  4  5  6  7  8  9 10 11 12 13 14 15 16 17 18 19 20 21 22 23 24 25 |
---------------+----------------------------------------------------------------------------+-----
Armour         | 2 3 4 5 7 8 10 11 12 13 14 15 16 17 18 19 | 19.3
Long Blades    | 3 4 5 6 7 |  7.3
Dodging        | 2 3 4 5 7 8 10 11 12 13 14 15 16 17 18 19 | 19.3
Fighting       | 4 5 6 8 10 12 14 16 17 18 19 21 22 23 | 23.9
Axes           | 2 10 14 15 16 17 18 19 20 21 22 23 24 | 24.0
Stealth        | 7 10 12 13 15 17 18 19 | 19.1
Ranged Weapons | 2 5 10 13 | 13.0

Action                   |  1- 3 |  4- 6 |  7- 9 | 10-12 | 13-15 | 16-18 | 19-21 | 22-24 | 25-27 || total
-------------------------+-------+-------+-------+-------+-------+-------+-------+-------+-------++-------
Melee: Falchion          |   111 |   127 |   127 |       |       |       |       |       |       ||   365
       Headbutt          |    12 |    18 |    47 |    55 |   180 |   229 |   301 |   437 |    80 ||  1359
       Punch             |       |     1 |     2 |       |       |       |       |       |       ||     3
       Battleaxe         |       |       |    56 |   307 |   878 |   860 |   890 |   324 |   233 ||  3548
       Executioner's axe |       |       |       |       |       |       |   122 |  1011 |    44 ||  1177
       Kick              |       |       |       |       |       |       |       |       |    52 ||    52
 Fire: Shortbow          |       |    12 |     3 |       |       |       |       |       |       ||    15
       Sling             |       |       |       |     7 |       |       |       |       |       ||     7
       Longbow           |       |       |       |       |     8 |       |       |       |       ||     8
       Arbalest          |       |       |       |       |       |     2 |       |   111 |   156 ||   269
Invok: Berserk           |     1 |     3 |     2 |     5 |     5 |    10 |     2 |       |       ||    28
       Trog's Hand       |       |       |     1 |     1 |       |     4 |       |     1 |       ||     7
       Brothers in Arms  |       |       |       |     1 |     2 |     3 |       |       |       ||     6
       Oozemancy         |       |       |       |       |       |       |       |     2 |       ||     2
Evoke: Wand              |       |       |       |     2 |     1 |       |       |       |     1 ||     4
  Use: Scroll            |       |     2 |     3 |    11 |     6 |     1 |    15 |     4 |    12 ||    54
       Potion            |       |       |       |       |       |       |       |     9 |     6 ||    15
 Stab: Sleeping          |     3 |       |       |       |       |    16 |    45 |     8 |       ||    72
       Distracted        |       |       |       |       |     1 |     7 |     7 |     6 |       ||    21
Armor: Animal skin       |    10 |       |       |       |       |       |       |       |       ||    10
       Plate armour      |    13 |    96 |   121 |   108 |    57 |       |       |   268 |       ||   663
       Scale mail        |       |       |       |       |    72 |   200 |   228 |    53 |       ||   553
       Robe              |       |       |       |       |     6 |       |       |       |       ||     6
       Crystal plate arm |       |       |       |       |       |       |       |   238 |   214 ||   452
Dodge: Dodged            |    52 |    46 |   111 |   258 |   571 |   845 |   911 |  1426 |   306 ||  4526
       Repelled          |       |       |       |       |    19 |    15 |     8 |    27 |     5 ||    74
Block: Other             |       |       |    10 |    57 |   288 |   321 |   358 |   577 |   158 ||  1769
       Reflection        |       |       |       |       |    18 |     8 |    29 |    21 |       ||    76

Table legend: (Time is in decaauts)
 A = Elapsed time spent in this place.
 B = Non-inter-level travel time spent in this place.
 C = Inter-level travel time spent in this place.
 D = Time resting spent in this place.
 E = Time spent auto-exploring this place.
 F = Levels seen in this place.
 G = Mean time per level.
                   A        B        C        D        E       F      G
               +--------+--------+--------+--------+--------+-----+--------+
         Total |  65234 |  56469 |   8765 |   9108 |  33913 |  57 | 1144.5 |
       Dungeon |  16744 |  13344 |   3400 |   1510 |   9491 |  15 | 1116.3 |
          Lair |   8262 |   6763 |   1499 |   1401 |   4070 |   5 | 1652.4 |
         Swamp |   4651 |   4311 |    340 |    996 |   2354 |   4 | 1162.8 |
   Spider Nest |   5185 |   4942 |    243 |    583 |   3340 |   4 | 1296.2 |
    Slime Pits |    955 |    829 |    126 |      0 |    728 |   5 |  191.0 |
  Orcish Mines |   1943 |   1561 |    382 |     39 |    998 |   2 |  971.5 |
   Elven Halls |   6088 |   5828 |    260 |   1973 |   2451 |   3 | 2029.3 |
        Vaults |   9170 |   8116 |   1054 |   1227 |   5235 |   5 | 1834.0 |
         Crypt |   4519 |   3809 |    710 |    371 |   1855 |   3 | 1506.3 |
          Tomb |   2584 |   2460 |    124 |    593 |    770 |   1 | 2584.0 |
        Depths |   4424 |   3801 |    623 |    350 |   2371 |   4 | 1106.0 |
           Zot |     32 |     32 |      0 |      0 |      0 |   1 |   32.0 |
         Abyss |    674 |    674 |      0 |     61 |    248 |   5 |  134.8 |
               +--------+--------+--------+--------+--------+-----+--------+

Top non-repeatable levels by time:
  Tomb:1: 2584 daAuts
 Crypt:3: 2537 daAuts
Vaults:4: 2432 daAuts
   Elf:2: 2307 daAuts
   Elf:3: 2264 daAuts
  Lair:5: 2000 daAuts
Vaults:3: 1901 daAuts
Vaults:1: 1818 daAuts
Vaults:5: 1750 daAuts
 Swamp:2: 1725 daAuts
  Lair:3: 1682 daAuts
    D:10: 1636 daAuts
  Lair:1: 1597 daAuts
  Lair:4: 1561 daAuts
Spider:4: 1545 daAuts
